Cogmind - Beta 14 @@@ ROGUE MODE // 2024.08.22 @ 15:17:08 Player: TheProctologist Result: Destroyed by D-53 Grenadier with Mini Grenade Launcher Performance ------------- Evolutions (0) 0 Regions Visited (2) 400 Robots Destroyed (17) 85 Value Destroyed (517) 517 Prototype IDs (0) 0 Alien Tech Used (0) 0 Bonus (0) 0 TOTAL SCORE: 1002 Bonus ------- None Cogmind --------- Core Integrity 0/250 Matter 300/300 Energy 100/100 System Corruption 0% Temperature Cool (0) Movement Walking (120) Location -10/Mines Parts ------- > --- POWER (1) -------- (None) > --- PROPULSION (2) --- Aluminum Leg Aluminum Leg > --- UTILITY (2) ------ Medium Storage Unit Structural Scanner > --- WEAPON (2) ------- EM Pulse Gun Medium Laser > --- INVENTORY (10) --- Light Ion Engine Light Nuclear Core Aluminum Leg Aluminum Leg Improved Heat Sink Improved Terrain Scanner Transport Network Coupler Targeting Computer Medium Laser Grenade Launcher Peak State ------------ > --- POWER ------------ Ion Engine > --- PROPULSION ------- Aluminum Leg Aluminum Leg > --- UTILITY ---------- Small Storage Unit Improved Terrain Scanner > --- WEAPON ----------- Particle Gun Light Assault Rifle > --- INVENTORY -------- Light Ion Engine Light Ion Engine Aluminum Leg Improved Heat Sink Medium Laser Medium Laser Grenade Launcher Mining Laser [Rating: 11] Favorites ----------- Power Ion Engine Engine Ion Engine Power Core Light Nuclear Core Propulsion Aluminum Leg Leg Aluminum Leg Utility Medium Storage Unit Device Improved Terrain Scanner Storage Medium Storage Unit Weapon Medium Laser Energy Gun Medium Laser Ballistic Gun Light Assault Rifle Build | -11 -10 -10 ------- Run | Yrd Mat Min Slots Evolved . | . . . Power . | . . . Propulsion . | . . . Utility . | . . . Weapon . | . . . Parts Attached 19 | 7 10 2 Power 2 | 1 . 1 Engine 1 | 1 . . Core 1 | . . 1 Reactor . | . . . Propulsion 5 | 2 2 1 Treads . | . . . Leg 5 | 2 2 1 Wheel . | . . . Hover . | . . . Flight . | . . . Utility 6 | 2 4 . Device 4 | 1 3 . Storage 2 | 1 1 . Processor . | . . . Hackware . | . . . Protection . | . . . Artifact . | . . . Weapon 6 | 2 4 . Energy Gun 5 | 1 4 . Energy Cannon . | . . . Ballistic Gun 1 | 1 . . Ballistic Cannon . | . . . Launcher . | . . . Special Weapon . | . . . Impact Weapon . | . . . Slashing Weapon . | . . . Piercing Weapon . | . . . Special Melee Weapon . | . . . Unidentified Prototypes . | . . . Parts Lost 3 | . 2 1 Power 1 | . . 1 Propulsion . | . . . Utility . | . . . Weapon 2 | . 2 . Highest Loss Streak 1 | . 1 1 To Critical Strikes . | . . . Average Slot Usage (%) 99 | . 99 100 Engine 11 | . 14 1 Core 2 | . . 12 Leg 27 | . 27 28 Device 13 | . 13 14 Storage 14 | . 14 14 Energy Gun 23 | . 22 28 Ballistic Gun 4 | . 5 . Peak Build Rating 11 | 9 11 10 Average Rating 9 | 6 9 9 On Entrance 5 | . 9 8 Naked Turns . | . . . Heaviest Build 21 | 14 21 20 Greatest Support 20 | 20 20 20 Greatest Overweight (x) 4 | 4 1 . Average Overweight (x) . | . . . Largest Inventory Capacity 10 | 8 10 10 Average Capacity 9 | 7 9 10 Most Carried 10 | 4 10 10 Average Carried 7 | 2 8 10 Final Capacity 10 | 8 10 10 Final Carried 10 | 4 10 10 Class Distribution -------------------- 100% | Mutant Dominant Class ---------------- Mutant | -10/Materials Mutant | -10/Mines Resources | -11 -10 -10 ----------- Run | Yrd Mat Min Matter Collected 399 | 278 101 20 Remotely . | . . . Salvage Created 691 | 119 382 190 Parts 39 | 9 22 8 Haulers Intercepted 2 | . 2 . Recyclers Shooed . | . . . Parts Field Recycled . | . . . Retrieved Matter . | . . . Parts Self-Destructed . | . . . Prevented . | . . . Kills | -11 -10 -10 ------- Run | Yrd Mat Min Combat Hostiles Destroyed 12 | . 8 4 Guns 12 | . 8 4 Classes Destroyed 4 | 2 2 . Tunneler 2 | 2 . . Hauler 2 | . 2 . Recycler 1 | 1 . . Grunt 12 | . 8 4 Best Kill Streak 2 | 1 2 2 Combat Bots Only 2 | . 2 2 Max Kills in Single Turn 1 | 1 1 1 Gunslinging . | . . . Exploded . | . . . Melee . | . . . Uniques/NPCs Destroyed . | . . . Combat | -11 -10 -10 -------- Run | Yrd Mat Min Hostile Shots Fired 58 | . 39 19 Missed 10 | . 8 2 Damage Taken 859 | . 483 376 Core 265 | . 141 124 Absorbed by Shields . | . . . Regen/Repaired (Parts) 33 | . 33 . Core Remaining (%) 100 | 100 . . Volleys Fired 63 | 8 44 11 Largest 2 | 2 2 2 Hottest 115 | 70 115 90 Shots Fired 124 | 16 86 22 Gun 124 | 16 86 22 Cannon . | . . . Launcher . | . . . Special . | . . . Kinetic 33 | 8 25 . Thermal 80 | 8 61 11 Explosive . | . . . Electromagnetic 11 | . . 11 Robot Hit Streak 7 | 7 6 4 Robot Miss Streak 4 | 1 4 2 Penetration Max . | . . . Secondary Targets . | . . . Shots Hit Robots 77 | 11 53 13 Core Hits 37 | 4 23 10 Critical Kills . | . . . Critical Parts Destroyed 1 | 1 . . Critical Strikes 4 | 2 2 . Burn 3 | 1 2 . Destroy 1 | 1 . . Melee Attacks . | . . . Impact . | . . . Slashing . | . . . Piercing . | . . . Sneak Attacks . | . . . Combat Hostiles . | . . . Follow-up Attacks . | . . . Damage Inflicted 963 | 122 664 177 Guns 932 | 122 633 177 Cannons . | . . . Explosions . | . . . Melee . | . . . Ramming 31 | . 31 . Kinetic 176 | 47 129 . Thermal 678 | 75 504 99 Explosive . | . . . Electromagnetic 78 | . . 78 Impact . | . . . Slashing . | . . . Piercing . | . . . Highest Corruption . | . . . Average Corruption . | . . . Corruption Purged . | . . . Corruption Blocked . | . . . Overload Shots . | . . . Overflow Damage . | . . . Projectiles . | . . . Explosions . | . . . Melee . | . . . Knockbacks . | . . . Impact . | . . . Kinetic . | . . . Secondary . | . . . Self-Inflicted Damage . | . . . Shots . | . . . Rammed . | . . . Targets Rammed 6 | . 6 . Kicked 6 | . 6 . Crushed . | . . . Highest Temperature 306 | 60 306 306 Average Temperature 108 | 25 114 129 Received Heat Transfer 345 | . 255 90 Effects 4 | . 1 3 Energy Bleed 1 | . 1 . Interference 3 | . . 3 Siege Activations . | . . . Robots Corrupted . | . . . Combat Hostiles . | . . . Parts Fried . | . . . Impact Corruptions . | . . . Robots Melted . | . . . Combat Hostiles . | . . . Parts Melted 1 | . 1 . Heat Transferred 2109 | 296 1517 296 Parts Sabotaged . | . . . Parts Stolen . | . . . Parts Stripped . | . . . Power Chain Reactions . | . . . Alert | -11 -10 -10 ------- Run | Yrd Mat Min Peak Influence 166 | 15 166 114 Initial 14 | . 9 14 Average 68 | 6 72 87 Maximum Alert Level . | . . . Low Security (%) 100 | 100 100 100 Level 1 . | . . . Level 2 . | . . . Level 3 . | . . . Level 4 . | . . . Level 5 . | . . . High Security . | . . . Max Security . | . . . Squads Dispatched 1 | . 1 . Investigation 1 | . 1 . Extermination . | . . . Reinforcement . | . . . Assault . | . . . Garrison . | . . . Intercept . | . . . Searches Triggered . | . . . Construction Impeded . | . . . Haulers Reinforced . | . . . Active Scanning Responses . | . . . Cargo Convoy Interrupts . | . . . Stealth | -11 -10 -10 --------- Run | Yrd Mat Min Distress Signals 2 | . 2 . Communications Jammed . | . . . Distress Signals . | . . . Times Spotted 25 | . 19 6 Peak Tracking Total 4 | . 4 2 Tactical Retreats . | . . . Traps | -11 -10 -10 ------- Run | Yrd Mat Min Traps Triggered 1 | . 1 . Indirectly . | . . . Trap Hack Attempts . | . . . Triggered . | . . . Disarmed . | . . . Reprogrammed . | . . . Reused . | . . . Traps Extracted . | . . . Installed . | . . . Triggered . | . . . Machines | -11 -10 -10 ---------- Run | Yrd Mat Min Machines Disabled 2 | . 2 . Max in Single Turn 1 | . 1 . Machines Repaired . | . . . Machines Dismantled . | . . . Machines Sabotaged . | . . . Overloaded Fab Kills . | . . . Hacking | -11 -10 -10 --------- Run | Yrd Mat Min Machines Accessed 8 | . 8 . Terminals 7 | . 7 . Fabricators . | . . . Repair Stations 1 | . 1 . Recycling Units . | . . . Scanalyzers . | . . . Garrison Access . | . . . Total Hacks 18 | . 18 . Successful 9 | . 9 . Failed 9 | . 9 . Catastrophic 1 | . 1 . Database Lockouts . | . . . Manual 12 | . 12 . Terminals 15 | . 15 . Fabricators . | . . . Repair Stations 3 | . 3 . Recycling Units . | . . . Scanalyzers . | . . . Garrison Access . | . . . Terminal Hacks 4 | . 4 . Terminal Index 1 | . 1 . Alert Level 1 | . 1 . Locate Traps 1 | . 1 . Registered Components 1 | . 1 . Fabricator Hacks . | . . . Repair Station Hacks 2 | . 2 . Scan Component 1 | . 1 . Repair 1 | . 1 . Recycling Unit Hacks . | . . . Scanalyzer . | . . . Garrison Access Hacks . | . . . Unauthorized Hacks 3 | . 3 . Terminals 3 | . 3 . Botnet 3 | . 3 . Fabricators . | . . . Repair Stations . | . . . Recycling Units . | . . . Scanalyzers . | . . . Garrison Access . | . . . Data Cores Recovered . | . . . Used . | . . . Hacking Detections 5 | . 5 . Full Trace Events . | . . . Feedback Events . | . . . Feedback Blocked . | . . . Robot Schematics Acquired . | . . . Robots Built . | . . . Authchips . | . . . Time . | . . . Total Robot Build Rating . | . . . Part Schematics Acquired . | . . . Parts Built . | . . . Authchips . | . . . Time . | . . . Total Part Build Rating . | . . . Parts Repaired 1 | . 1 . Time 26 | . 26 . Parts Recycled . | . . . Recycled Matter . | . . . Retrieved Matter . | . . . Retrieved Components . | . . . Parts Scanalyzed . | . . . Part Schematics Acquired . | . . . Parts Damaged . | . . . Bothacking | -11 -10 -10 ------------ Run | Yrd Mat Min Used RIF Installer . | . . . Robots Hacked . | . . . Non-combat . | . . . Combat . | . . . Robot Hacks Applied . | . . . Relay Couplers Released . | . . . Fabnet Peak Effective % . | . . . Robots Rewired . | . . . Allies Hacked . | . . . Hacks Repelled . | . . . Allies | -11 -10 -10 -------- Run | Yrd Mat Min Total Allies . | . . . Largest Group . | . . . Highest-Rated Group . | . . . Highest-Rated Ally . | . . . Total Orders . | . . . Ally Attacks . | . . . Total Damage . | . . . Kills . | . . . Allies Corrupted . | . . . Allies Melted . | . . . Intel | -11 -10 -10 ------- Run | Yrd Mat Min Robot Analysis Total . | . . . Derelict Logs Recovered 2 | . . 2 Drone Launches . | . . . Drone Recoveries . | . . . Exploration | -11 -10 -10 ------------- Run | Yrd Mat Min Turns Passed 1555 | 160 1089 306 Spaces Moved 950 | 94 645 211 Core 7 | 7 . . Treads . | . . . Legs 943 | 87 645 211 Wheels . | . . . Hover . | . . . Flight . | . . . Fastest Speed 50 | 50 120 120 Average Speed 125 | 123 127 120 Slowest Speed 250 | 250 190 120 Overloaded Moves . | . . . Propulsion Burnouts . | . . . Robots Hopped . | . . . Cave-ins Triggered . | . . . Exploration Rate (%) 47 | 5 96 40 Regions Visited 2 Branch Regions 1 Pre-discovered Areas 2 | . . 2 Known Exits Taken . | . . . Unknown Exits Taken 2 | 1 1 . Scrap Searched . | . . . Spaces Dug . | . . . Terrain Destroyed . | . . . Melee . | . . . Projectile . | . . . AOE . | . . . Terrain Rammed . | . . . Walls Destroyed . | . . . Machines Disabled . | . . . Actions | -11 -10 -10 --------- Run | Yrd Mat Min Total 1191 | 120 828 243 Wait 128 | 8 103 17 Move 948 | 93 644 211 Hop . | . . . Pick Up 15 | 4 11 . Fast Attach 10 | 7 3 . Attach 3 | . 3 . Detach 2 | . 2 . Swap 6 | . 4 2 Drop 10 | . 8 2 Fire 63 | 8 44 11 Melee . | . . . Ram . | . . . Kick 6 | . 6 . Crush . | . . . Escape Stasis . | . . . Rewire . | . . . Trap . | . . . Miscellaneous . | . . . Route ------- -11/Scrapyard -10/Materials (discovered 6 exits: [*Mat x3] / [*Min x2] / [*Sub]) -10/Mines (discovered 1 exit: [*Mat]) History --------- Turn | Location | Event 25 | -11/Scrapyard | Discovered new exit (range 16) 161 | -11/Scrapyard | Entered Materials 325 | -10/Materials | Build established: Mutant 367 | -10/Materials | Discovered new exit (range 14) 563 | -10/Materials | Core integrity fell below 50% 615 | -10/Materials | Discovered new exit (range 9) 744 | -10/Materials | Discovered new exit (range 15) 936 | -10/Materials | Discovered new exit (range 5) 1070 | -10/Materials | Repaired Aluminum Leg 1104 | -10/Materials | Discovered new exit (range 15) 1221 | -10/Materials | Discovered new exit (range 13) 1250 | -10/Materials | Entered Mines 1262 | -10/Mines | Learned location of Recycling (-8) 1270 | -10/Mines | Discovered new exit (range 12) 1411 | -10/Mines | Met a Derelict bent on vengeance 1514 | -10/Mines | Assembled infested the area 1550 | -10/Mines | Core integrity fell below 20% 1556 | -10/Mines | Destroyed by D-53 Grenadier with Mini Grenade Launcher Last Messages --------------- 01345_ K-01 Serf collects debris. 01381_ Critical hit (Burn: +37). 01381_ G-47 Trooper destroyed. 01384_ G-34 Mercenary destroyed. 01386_ Overheating: System interference. 01386_ EM Pulse Gun temporarily disabled. 01386_ Structural Scanner temporarily disabled. 01397_ Dropped Aluminum Leg. 01398_ Acquired 10 matter. 01400_ K-01 Serf collects debris. 01416_ R-06 Scavenger collects Aluminum Leg. 01494_ Acquired derelict log, extracted data. World map updated: -9/Materials. 01514_ ALERT: Infestation in the mines, dispatching Demolisher response squad. 01545_ C-30 ARC bursts open, deploying its payload. 01545_ D-53 Grenadier unfolds itself. 01553_ Matter Pump disabled. 01556_ Lgt. Nuclear Core destroyed. Map ----- +----------------------------------------------------+ | | | | | | | | | | | | | | | | | | | ?????????????????????????????????????????????????? | | ?????????????????????????????????????????????????? | | ?????????????????????????????????????????????????? | | ???????????????????????????????????????????######? | | ???????????????????????#######????????????######## | | ??????????????????????#############??????### ### | | ??????????????????????### #######??????## ## | | ??????????????????????## ##?????## ## | | ?????????????????????### ### ######### ## | | ????????????????????#### ### ######## ### | | ???????????????????#### #### #### | | ???????????????????### ##### ##### | | ??????????###??????## ############ ##?## | | ??????????## ?#### # ######### ##?## | | ?????????? ### # ### ###?## | | ?????????? ######?## | | ???????????## @ ######???# | | ???????????### # ####??##### | | ???????????#### # ###??###### | | ????????????##### ## "" # ##???### # | | ?????????????########## "" d d # ##???## | | ???????????????######## """ ### ##???## | | ?????????????????????## #####%### ######## | | ?????????????????????### ######" ######### | | ?????????????????????#### ####?###### ##### | | ??????????????????????### ####??######### ##?## % | | ???????????????????????## ###???????##### ##?### | | ???????????????????????## ?????????????## ##?###% | | ???????????????????????## ?????????????## ##??## | | ???????????????????????## ????????????## ##??## | | ???????????????????????####????????????## ##??## | | ???????????????????????####????????????## ##??## | | ?????????????????????????????????????#### ##??## | | ?????????????????????????????????????#### ####### | | ?????????????????????????????????????## ####### | | ?????????????????????????????????????## | | ?????????????????????????????????????## | | ?????????????????????????????????????## ##### | | ?????????????????????????????????????## ###### | | ?????????????????????????????????????## ###?## | | ?????????????????????????????????????### ##??## | +----------------------------------------------------+ Best States ------------- Heat Dissipation 39 Energy Generation 14 Energy Capacity 250 Matter Stores 300 Matter Capacity 300 Sight Range 16 Terrain Scan Range 16 Terrain Scan Density 10 Evasion (%) 55 Item Schematics ----------------- None Robot Schematics ------------------ None Fabricated ------------ Nothing Alien Tech Used ----------------- None Achievements -------------- None Challenges ------------ None Game ------ Seed BarrageAutogunExpander Manual? 0 Play Time 00:16:47 Cumulative 48.6 hours Start 2024.08.22 @ 14:56:34 End 2024.08.22 @ 15:17:08 Sessions 1 Manual Loads 0 Difficulty Rogue Special Mode None Game No. 64 Rogue 64 Adventurer 0 Explorer 0 Win Type - Total 0 Types 0/0/0/0/0/0/0/0/0 Lore% 14 Gallery% 26 Achievement% 26 Wizard Run 0 Options --------- Layout 1 ASCII 0 Keyboard 0 Movement Numpad Keybinds 0 Fullscreen 1 Font 32/SmallcapsGlow Map View 50x40 Zoom Use 7% Tactical HUD 1 Map Filters NONE Filters NONE Steam 1 RUN: b9ff7337-aa19-44dd-9977-1062d3067e59